 Dungeon Crawl Stone Soup version 0.29-a0-350-g7790a0e70a (webtiles) character file.

Game seed: 13390818193840758692

110 spaghetti the Sneak (level 4, -9/37 HPs)
             Began as a Demonspawn Delver on Apr 23, 2022.
             Mangled by a kobold
             ... wielding a +2 short sword of electrocution
              (18 damage)
             ... on level 1 of the Dungeon.
             The game lasted 00:03:16 (1551 turns).

spaghetti the Sneak (Demonspawn Delver)             Turns: 1551, Time: 00:03:16

Health: -9/37      AC:  8    Str: 13    XL:     4   Next: 61%
Magic:  4/4        EV: 12    Int: 13    God:
Gold:   75         SH:  0    Dex: 14    Spells: 3/3 levels left

rFire   . . .      SeeInvis .   d - +0 whip (distort) {!wmace}
rCold   . . .      Faith    .   (no shield)
rNeg    . . .      Spirit   .   b - +0 leather armour
rPois   .          Reflect  .   (no helmet)
rElec   .          Harm     .   p - +0 cloak
rCorr   .          Rampage  .   t - +0 pair of gloves
Will    .....                   (no boots)
Stlth   +++.......              (no amulet)
HPRegen 0.12/turn               (no ring)
MPRegen 0.09/turn               (no ring)

@: no status effects
A: yellow scales 2, powered by pain 1
a: no special abilities


You were on level 1 of the Dungeon.
You visited 1 branch of the dungeon, and saw 5 of its levels.

You collected 75 gold pieces.


Innate Abilities, Weirdness & Mutations

You are mostly covered in yellow scales. (AC +3)
You sometimes gain a little power by taking damage.


   Skills:
 + Level 3.6 Fighting
 - Level 2.2 Short Blades
 + Level 2.5 Dodging
 + Level 5.0 Stealth
 * Level 1.8 Necromancy


You had 3 spell levels left.
You didn't know any spells.
Your spell library contained the following spells:

 Spells                   Type           Power      Damage    Failure   Level
 Magic Dart               Conj           0%         1d3       36%         1
 Call Imp                 Summ           0%         N/A       52%         2
 Mephitic Cloud           Conj/Pois/Air  0%         N/A       75%         3

Inventory:

Hand Weapons
 a - a +0 short sword {short}
 d - a +0 whip of distortion (weapon) {!wmace}
   (You found it on level 5 of the Dungeon)
Missiles
 i - 93 stones (quivered) {throwing}
 u - 5 poisoned darts {throwing}
Armour
 b - a +0 leather armour (worn)
 p - a +0 cloak (worn)
   (You found it on level 1 of the Dungeon)
 t - a +0 pair of gloves (worn)
   (You found it on level 1 of the Dungeon)
Wands
 g - a wand of digging (3)
Scrolls
 c - 2 scrolls of fog
 e - a scroll of fear
 h - 2 scrolls of identify {unknown}
 m - 3 scrolls of noise {unknown}
 o - a scroll of enchant armour {unknown}
 r - a scroll of teleportation {unknown}
 s - a scroll of immolation {unknown}
Potions
 f - a potion of haste {@q3}
 j - a potion of curing {unknown}
 k - 3 potions of degeneration {unknown}
 l - a potion of invisibility {unknown}
 n - a potion of magic {unknown}
 q - a potion of mutation {unknown}
 v - a potion of flight {unknown}

Dungeon Overview and Level Annotations

Branches:
Dungeon (5/15)             Temple (0/1) D:5

Altars:
Kikubaaqudgha
Qazlal

....# ....# ....#
###.# ....# ..#.#
##### #.#.# # ##.#.##
# .....# #
########K..# #
.....Kยง@...# #
#########..# # #)#
#..# # #.# #..# #
#.####..## #
#........#
###################.##
.....................#
######################


You could see 2 kobolds.


Message History

The helpless endoplasm fails to defend itself.
You hit the endoplasm but do no damage.
Space warps around the endoplasm.
The endoplasm misses you.
You hit the endoplasm.
The endoplasm is devoured by a tear in reality.
No target in view!
No target in view!
No target in view!
No target in view!
No target in view!
No target in view!
No target in view!
No target in view!
Key pressed, stopping explore.
An endoplasm comes into view.
An endoplasm is nearby!
An endoplasm is nearby!
A bat comes into view.
You hit the bat.
Space warps horribly around the bat.
You kill the bat!
The helpless endoplasm fails to defend itself.
You hit the endoplasm.
The endoplasm is devoured by a tear in reality.
No target in view!
No target in view!
No target in view!
No target in view!
No target in view!
No target in view!
No target in view!
No target in view!
No target in view!
No target in view!
No target in view!
A goblin comes into view. It is wielding a +0 club.
A goblin is nearby!
A goblin is nearby!
The helpless goblin fails to defend itself.
You hit the goblin.
Space warps around the goblin.
You kill the goblin!
No target in view!
No target in view!
No target in view!
No target in view!
No target in view!
No target in view!
No target in view!
A kobold comes into view.
It is wielding a +2 short sword of electrocution.
A kobold is nearby!
A kobold is nearby!
The kobold shouts!
You hear a shout!
A kobold comes into view. It is wielding a +0 dagger.
The kobold shouts!
You closely miss the kobold. The kobold hits you but does no damage.
You hit the kobold but do no damage.
Space warps around the kobold.
The kobold hits you with a +2 short sword of electrocution.
You closely miss the kobold.
The kobold hits you with a +2 short sword of electrocution.
You are too injured to fight recklessly! ๐Ÿ˜• HP[-2]
You take 2 damage, and now have 35/37 hp.
You are too injured to fight recklessly!
You are too injured to fight recklessly!
You are too injured to fight recklessly!
You are too injured to fight recklessly!
You are too injured to fight recklessly!
You are too injured to fight recklessly!
You are too injured to fight recklessly!
You are too injured to fight recklessly!
You are too injured to fight recklessly!
You are too injured to fight recklessly!
You are too injured to fight recklessly!
You are too injured to fight recklessly!
You are too injured to fight recklessly!
You are too injured to fight recklessly!
You are too injured to fight recklessly!
You are too injured to fight recklessly!
You are too injured to fight recklessly!
You are too injured to fight recklessly!
You barely miss the kobold. The kobold barely misses you.
You completely miss the kobold. The kobold hits you but does no damage.
You barely miss the kobold. The kobold hits you but does no damage.
You barely miss the kobold. The kobold barely misses you.
You closely miss the kobold.
The kobold hits you with a +2 short sword of electrocution.
You are electrocuted!!
* * * LOW HITPOINT WARNING * * *
The kobold barely misses you. ๐Ÿ˜จ HP[-23]
You take 23 damage, and now have 12/37 hp.
MASSIVE DAMAGE!! (PAUSE)
You closely miss the kobold.
The kobold hits you with a +2 short sword of electrocution.
* * * LOW HITPOINT WARNING * * *
๐Ÿ˜ฑ HP[-3]
You take 3 damage, and now have 9/37 hp.
You hit the kobold but do no damage.
The kobold blinks!
The kobold hits you but does no damage.
You are electrocuted!!
You die...

Skill      XL: |  1  2  3  4 |
---------------+-------------+-----
Short Blades   | 2 |  2.2
Dodging        | 2 |  2.5
Necromancy     | 1 |  1.8
Stealth        | 5 |  5.0
Fighting       | |  3.6

Action                   |  1- 3 |  4- 6 || total
-------------------------+-------+-------++-------
Melee: Whip              |    33 |    65 ||    98
       Short sword       |     3 |       ||     3
       Punch             |     2 |       ||     2
  Use: Scroll            |     1 |       ||     1
 Stab: Sleeping          |     1 |     7 ||     8
Armor: Leather armour    |     7 |    26 ||    33
Dodge: Dodged            |    16 |    42 ||    58

Levels and vault maps discovered:
D:1:      onia_arrival_mini_maze, layout_basic
D:2:      layout_basic, ebering_ecumenical_altar_box
D:3:      layout_basic, mainiacjoe_overflow_brackets,
          mainiacjoe_overflow_concentric_impassable
D:4:      layout_rooms, nicolae_ru_path_of_blood,
          mainiacjoe_overflow_cross_hatched
D:5:      layout_rooms, temple_statues

Notes
Turn   | Place    | Note
-------+----------+-------------------------------------------
     0 | D:5      | spaghetti the Demonspawn Delver began the quest for the
                  | Orb.
     0 | D:5      | Reached XP level 1. HP: 18/18 MP: 1/1
     0 | D:5      | magus.rc [v1.9.6]
   200 | D:4      | Noticed a jelly
   202 | D:4      | Noticed a scorpion
   208 | D:4      | Killed a jelly
   209 | D:4      | Reached skill level 2 in Short Blades
   209 | D:4      | Reached skill level 2 in Dodging
   209 | D:4      | Gained mutation: You are partially covered in yellow
                  | scales. (AC +2) [demonic ancestry]
   209 | D:4      | Reached XP level 2. HP: 15/24 MP: 2/2
   209 | D:4      | Gained mutation: You sometimes gain a little power by
                  | taking damage. [demonic ancestry]
   209 | D:4      | Reached XP level 3. HP: 18/29 MP: 3/3
   474 | D:3      | Found an ancient bone altar of Kikubaaqudgha.
   489 | D:3      | Found a stormy altar of Qazlal.
   497 | D:3      | Reached skill level 1 in Necromancy
   520 | D:3      | Noticed a wight
   576 | D:2      | Gained mutation: You are mostly covered in yellow scales.
                  | (AC +3) [demonic ancestry]
   576 | D:2      | Reached XP level 4. HP: 35/35 MP: 4/4
  1015 | D:1      | Reached skill level 5 in Stealth
  1073 | D:1      | You pick up a book of Minor Magic and begin reading...
  1073 | D:1      | You add the spells Magic Dart, Call Imp and Mephitic Cloud
                  | to your library.
  1550 | D:1      | HP: 9/37 [kobold/+2 short sword of electrocution (4)]
  1551 | D:1      | Mangled by a kobold

Vanquished Creatures
  A jelly (D:4)
  2 adders
  A shadow imp (D:3)
  2 worms (D:2)
  A dart slug (D:2)
  2 orcs
  3 endoplasms
  A giant cockroach (D:1)
  5 goblins
  6 hobgoblins
  2 kobolds (D:2)
  2 quokkas
  5 ball pythons
  2 bats (D:1)
  2 frilled lizards (D:1)
  4 rats
41 creatures vanquished.

Table legend:
 A = Non-vault XP
 B = Vault XP
 C = Vault XP percentage of total XP
 D = Non-vault monster count
 E = Vault monster count
 F = Vault count percentage of total count
                 A         B        C        D         E       F
            +---------+---------+-------+---------+---------+-------
      Total |     158 |       0 |   0.0 |      43 |       0 |   0.0
            +---------+---------+-------+---------+---------+-------
        D:1 |      32 |       0 |   0.0 |      21 |       0 |   0.0
        D:2 |      38 |       0 |   0.0 |      11 |       0 |   0.0
        D:3 |      36 |       0 |   0.0 |       7 |       0 |   0.0
        D:4 |      50 |       0 |   0.0 |       3 |       0 |   0.0
        D:5 |       2 |       0 |   0.0 |       1 |       0 |   0.0
            +---------+---------+-------+---------+---------+-------

Illustrated notes

Table legend:
 A = Kills in this place as a percentage of kills in entire the game.
 B = Kills by you in this place as a percentage of kills by you in the entire game.
 C = Kills by friends in this place as a percentage of kills by friends in the entire game.
 D = Other kills in this place as a percentage of other kills in the entire game.
 E = Experience gained in this place as a percentage of experience gained in the entire game.
 F = Experience gained in this place divided by the number of levels of this place that you have seen.
                   A       B       C       D       E      F
               +-------+-------+-------+-------+-------+----------------------
         Total | 100.0 | 100.0 |   N/A | 100.0 | 100.0 |  31.6
       Dungeon | 100.0 | 100.0 |   N/A | 100.0 | 100.0 |  31.6
               +-------+-------+-------+-------+-------+----------------------

Table legend: (Time is in decaauts)
 A = Elapsed time spent in this place.
 B = Non-inter-level travel time spent in this place.
 C = Inter-level travel time spent in this place.
 D = Time resting spent in this place.
 E = Time spent auto-exploring this place.
 F = Levels seen in this place.
 G = Mean time per level.
                   A        B        C        D        E       F      G
               +--------+--------+--------+--------+--------+-----+--------+
         Total |   1559 |   1510 |     49 |    257 |    885 |   5 |  311.8 |
       Dungeon |   1559 |   1510 |     49 |    257 |    885 |   5 |  311.8 |
               +--------+--------+--------+--------+--------+-----+--------+

Top non-repeatable levels by time:
     D:1: 753 daAuts
     D:4: 314 daAuts
     D:2: 270 daAuts
     D:3: 202 daAuts
     D:5: 17 daAuts
